 Dungeon Crawl Stone Soup version 0.30.0-5-g1a98f26d00 (webtiles) character file.

Game seed: 1242955069741560802

517 fozzywoppz the Trooper (level 7, -3/39 HPs)
             Began as a Gargoyle Fighter on May 12, 2023.
             Was a Believer of Hepliaklqana.
             Slain by an iguana (4 damage)
             ... on level 5 of the Dungeon.
             The game lasted 00:05:07 (2783 turns).

fozzywoppz the Trooper (Gargoyle Fighter)           Turns: 2783, Time: 00:05:08

Health: -3/39      AC: 15    Str: 20    XL:     7   Next: 20%
Magic:  7/7        EV:  7    Int:  8    God:    Hepliaklqana [**....]
Gold:   106        SH:  5    Dex: 11    Spells: 6/6 levels left

rFire   . . .        a - +0 flail
rCold   . . .        c - +0 buckler
rNeg    + . .        h - +0 chain mail
rPois   ∞            (no helmet)
rElec   +            f - +0 cloak
rCorr   .            (no gloves)
SInv    .            (no boots)
Will    .....        (no amulet) Stlth
                     (no ring)
HPRegen 0.26/turn    (no ring)
MPRegen 0.10/turn

%: no passive effects
@: no status effects
A: reduced essence, sickness immunity, AC +4, negative energy resistance 1,
electricity resistance, torment resistance 1, petrification resistance
a: Renounce Religion, Recall Ancestor, Ancestor Identity


You were on level 5 of the Dungeon.
You worshipped Hepliaklqana.
Hepliaklqana was pleased with you.
You visited 2 branches of the dungeon, and saw 6 of its levels.

You collected 106 gold pieces.

Inventory:

Hand Weapons
 a - a +0 flail (weapon)
Missiles
 o - 6 javelins (quivered)
Armour
 c - a +0 buckler (worn)
 f - a +0 cloak (worn)
 h - a +0 chain mail (worn)
Jewellery
 e - a ring of fire
 j - an amulet of guardian spirit
Scrolls
 b - a scroll of enchant weapon {unknown}
 g - 2 scrolls of noise {unknown}
 i - a scroll of blinking {unknown}
 l - a scroll of fear {unknown}
 m - 6 scrolls of identify {unknown}
 n - 3 scrolls of amnesia {unknown}
 q - a scroll of teleportation {unknown}
Potions
 d - a potion of might
 k - 2 potions of brilliance {unknown}
 p - 4 potions of curing
 r - a potion of cancellation {unknown}
 s - a potion of mutation {unknown}
 t - 2 potions of heal wounds {unknown}


   Skills:
 + Level 5.5 Fighting
 + Level 4.2 Maces & Flails
 - Level 5.0 Armour
 - Level 5.0 Shields


You had 6 spell levels left.
You didn't know any spells.
Your spell library contained the following spells:

 Spells                   Type           Power      Damage    Failure   Level
 Slow                     Hex            0%         N/A       98%         1
 Static Discharge         Conj/Air       0%         2-2/arc   99%         2
 Confusing Touch          Hex            0%         N/A       100%        3
 Vampiric Draining        Necr           0%         2d6       100%        3
 Airstrike                Air            0%         2d(0-16)  100%        4
 Summon Lightning Spire   Summ/Air       0%         N/A       100%        4


Dungeon Overview and Level Annotations

Branches:
Dungeon (5/15)             Temple (1/1) D:4

Altars:
Ashenzari
Dithmenos
Elyvilon
Fedhas
Gozag
Hepliaklqana
Kikubaaqudgha
Makhleb
Nemelex Xobeh
Okawaru
Qazlal
Ru
Sif Muna
Trog
Uskayaw
Vehumet
Wu Jian
Xom
Zin
The Shining One

Shops:
D:3 (


Innate Abilities, Weirdness & Mutations

Your life essence is reduced to manifest your ancestor. (-10% HP)
You are immune to sickness and miasma.
Your stone body is resilient. (AC +4)
You are immune to poison.
You resist negative energy. (rN+)
You are resistant to electric shocks. (rElec)
You are resistant to unholy torment.
You are immune to petrification.


Message History

You hit the gnoll bouda.
The gnoll bouda is moderately wounded.
The gnoll barely misses you.
Tlalli casts a spell at the gnoll.
The gnoll seems to slow down.
The gnoll hits you from afar with a +0 spear.
The gnoll misses Tlalli.
The gnoll bouda hits you but does no damage.
The gnoll hits you with a +0 club.
Tlalli hits the gnoll with a +0 dagger of draining!
The gnoll dies!
You block the gnoll's attack.
You hit the gnoll bouda but do no damage.
The gnoll bouda is moderately wounded.
Tlalli hits the gnoll bouda with a +0 dagger of draining!
Tlalli drains the gnoll bouda.
The gnoll bouda mumbles some strange prayers to its god.
The gnoll bouda is healed somewhat.
The iguana bites you but does no damage.
The gnoll hits you but does no damage. You block the gnoll's attack.
Tlalli hits the gnoll bouda with a +0 dagger of draining.
Tlalli drains the gnoll bouda.
The gnoll bouda dies!
You barely miss the iguana.
Tlalli hits the gnoll with a +0 dagger of draining.
Tlalli drains the gnoll.
You block the iguana's attack.
Tlalli closely misses the gnoll.
The gnoll hits Tlalli with a +0 club.
The gnoll hits you from afar with a +0 spear.
* * * LOW HITPOINT WARNING * * *
Tlalli hits the gnoll with a +0 dagger of draining!
The gnoll dies!
You hit the iguana.
The iguana is heavily wounded.
You block the iguana's attack.
The gnoll hits you from afar with a +0 spear!
* * * LOW HITPOINT WARNING * * *
Tlalli barely misses the iguana.
Tlalli hits the iguana but does no damage.
Tlalli drains the iguana.
The iguana bites you.
You die...

. ..
...#+######+##
#............#
#............#
+.!...)@..<).#
#....g)Rl....#
#......).....#
#............#
###+#######....
..... ......
......


You could see the friendly Tlalli the hexer, an iguana (very drained, ally
target) and a gnoll (swift).

Vanquished Creatures
  Sigmund (D:4)
  An ogre (D:4)
  A phantom (D:4)
  2 adders
  An ufetubus (D:4)
  A worm (D:4)
  A dart slug (D:1)
  4 orcs (D:4)
  9 endoplasms
  6 giant cockroaches
  8 goblins
  9 hobgoblins
  3 jackals (D:2)
  A quokka (D:1)
  6 ball pythons
  5 bats
  5 frilled lizards
  4 kobolds (D:1)
  2 rats
70 creatures vanquished.

Vanquished Creatures (collateral kills)
  A gnoll bouda (D:5)
  3 gnolls (D:5)
  3 adders
  A dart slug (D:4)
  An orc (D:3)
  A giant cockroach (D:3)
  A hobgoblin (D:3)
  A jackal (D:2)
  A kobold (D:4)
13 creatures vanquished.

Grand Total: 83 creatures vanquished

Notes
Turn   | Place    | Note
-------+----------+-------------------------------------------
     0 | D:1      | fozzywoppz the Gargoyle Fighter began the quest for the
                  | Orb.
     0 | D:1      | Reached XP level 1. HP: 14/14 MP: 1/1
   192 | D:1      | Reached XP level 2. HP: 19/19 MP: 2/2
   528 | D:1      | Reached XP level 3. HP: 23/23 MP: 3/3
   643 | D:2      | Identified the +3 short sword of the Hammering Hero {flame,
                  | rF+}
   995 | D:2      | Found a faded altar of an unknown god.
  1026 | D:2      | Found an ornate altar of the Wu Jian Council.
  1050 | D:2      | Prayed at the altar of an unknown god.
  1050 | D:2      | Became a worshipper of Hepliaklqana the Forgotten
  1050 | D:2      | Reached * piety under Hepliaklqana
  1584 | D:3      | Found Mumneh's Antique Weapon Shoppe.
  1595 | D:3      | Reached XP level 4. HP: 24/26 MP: 4/4
  1723 | D:3      | Identified the +0 leather armour "Wimnaliq" {MP+9}
  1859 | D:3      | Reached ** piety under Hepliaklqana
  1860 | D:3      | Remembered your ancestor Tlalli as a hexer
  2035 | D:4      | Noticed Sigmund
  2043 | D:4      | Killed Sigmund
  2044 | D:4      | Reached XP level 5. HP: 18/30 MP: 5/5
  2044 | D:4      | Reached XP level 6. HP: 21/35 MP: 6/6
  2177 | D:4      | Found a staircase to the Ecumenical Temple.
  2456 | D:4      | Reached skill level 5 in Fighting
  2456 | D:4      | Reached skill level 5 in Armour
  2456 | D:4      | Reached skill level 5 in Shields
  2456 | D:4      | Reached XP level 7. HP: 15/39 MP: 7/7
  2645 | Temple   | Entered the Ecumenical Temple
  2770 | D:5      | Entered Level 5 of the Dungeon
  2783 | D:5      | HP: 1/39 [gnoll/+0 spear[a gnoll bouda] (8)]
  2783 | D:5      | Slain by an iguana

Illustrated notes

Levels and vault maps discovered:
D:1:      lightli_arrival_lavapool, layout_basic, minmay_tree_intersection,
          hangedman_decor_opposing
D:2:      layout_basic, dreamdust_ecumenical_altar_angels_and_demons,
          basic_altar
D:3:      layout_rooms, serial_shops, nicolae_square_shop,
          amcnicky_mini_corridor_feature
D:4:      layout_rooms, temple_statues, nrook_loot_triangle,
          grunt_decor_clamped, uniq_sigmund
D:5:      layout_gridville, uniq_blork_the_orc
Temple:   nicolae_temple_bog_church

Skill      XL: |  1  2  3  4  5  6 |
---------------+-------------------+-----
Fighting       | 4 5 |  5.5
Shields        | 4 5 |  5.0
Armour         | 4 5 |  5.0
Maces & Flails | 3 4 |  4.2

Action                     |  1- 3 |  4- 6 |  7- 9 || total
---------------------------+-------+-------+-------++-------
  Melee: Flail             |   121 |    76 |     9 ||   206
 Invoke: Ancestor Life: He |       |     1 |       ||     1
    Use: Potion            |       |     1 |       ||     1
   Stab: Confused          |       |     1 |       ||     1
 Armour: Scale mail        |    10 |       |       ||    10
         Chain mail        |    87 |    39 |    10 ||   136
  Dodge: Dodged            |    47 |    19 |     4 ||    70
  Block: Buckler           |    36 |    16 |     7 ||    59
